TOP OF THE 1ST |
Austin River Sharks batting - Pitching for Jersey Shore D-Bags : LHP Ramón Ruíz
|
Pitching: LHP Ramón Ruíz
|
|
Batting: RHB Tyler Wagner
|
0-0: Ball 1-0: Called Strike 1-1: Called Strike 1-2: Strikes out swinging
|
Batting: RHB Carlos Pérez
|
0-0: Swinging Strike 0-1: Foul Ball, location: 2F 0-2: Ball 1-2: Foul Ball, location: 2F 1-2: Ball 2-2: Foul Ball, location: 2F 2-2: Ball 3-2: Ground out 5-3 (Groundball, 5L)
|
Batting: SHB Juan Castro
|
0-0: Foul Ball, location: 2F 0-1: Foul Ball, location: 2F 0-2: SINGLE (Flyball, 8LS)
|
Batting: LHB Miguel Colón
|
0-0: Ball 1-0: Swinging Strike 1-1: Ball 2-1: Foul Ball, location: 2F 2-2: Ball 3-2: DOUBLE (Line Drive, 9LS) Juan Castro to third Juan Castro scores
|
Batting: RHB Carlos Guzmán
|
0-0: Swinging Strike 0-1: Swinging Strike 0-2: Ball Wild Pitch! Miguel Colón to third 1-2: Strikes out swinging
|
Top of the 1st over - 1 run(s), 2 hit(s), 0 error(s), 1 left on base; Austin 1 - Jersey Shore 0 |
BOTTOM OF THE 1ST |
Jersey Shore D-Bags batting - Pitching for Austin River Sharks : RHP Jim Hendon
|
Pitching: RHP Jim Hendon
|
|
Batting: RHB Ricardo González
|
0-0: Called Strike 0-1: Swinging Strike 0-2: Strikes out looking
|
Batting: RHB Millard Boyd
|
0-0: Called Strike 0-1: Ball 1-1: Ball 2-1: Foul Ball, location: 2F 2-2: Foul Ball, location: 2F 2-2: SINGLE (Line Drive, 56D)
|
Batting: LHB Dave Dodd
|
0-0: Called Strike 0-1: Foul Ball, location: 2F 0-2: Ball 1-2: Foul Ball, location: 2F 1-2: Foul Ball, location: 2F 1-2: Ball 2-2: Foul Ball, location: 2F 2-2: Ball 3-2: 2-RUN HOME RUN (Flyball, 9D), Distance : 362 ft
|
Batting: LHB Pat Zimmerman
|
0-0: Ball 1-0: SINGLE (Line Drive, 8LS)
|
Batting: RHB Matt Doyle
|
0-0: Ball 1-0: Foul Ball, location: 2F 1-1: 2-RUN HOME RUN (Flyball, 7D), Distance : 361 ft
|
Batting: RHB Miguel Serna
|
0-0: DOUBLE (Flyball, 89D)
|
Batting: LHB Robert Phillips
|
0-0: Ball 1-0: Ball Miguel Serna is caught stealing 3rd base 2-0: Called Strike 2-1: Called Strike 2-2: Ball 3-2: Strikes out swinging
|
Bottom of the 1st over - 4 run(s), 5 hit(s), 0 error(s), 0 left on base; Austin 1 - Jersey Shore 4 |
TOP OF THE 2ND |
Austin River Sharks batting - Pitching for Jersey Shore D-Bags : LHP Ramón Ruíz
|
Batting: RHB Orlando Bruno
|
0-0: Swinging Strike 0-1: Foul Ball, location: 2F 0-2: Ball 1-2: Ball 2-2: Ground out 1-3 (Groundball, 23)
|
Batting: RHB Cristián Peña
|
0-0: Swinging Strike 0-1: Swinging Strike 0-2: Foul Ball, location: 2F 0-2: Ball 1-2: Foul Ball, location: 2F 1-2: Strikes out looking
|
Batting: LHB Bruno Lalonde
|
0-0: Ball 1-0: Ball 2-0: Foul Ball, location: 2F 2-1: Ball 3-1: Ground out U3 (Groundball, 3S)
|
Top of the 2nd over - 0 run(s), 0 hit(s), 0 error(s), 0 left on base; Austin 1 - Jersey Shore 4 |
BOTTOM OF THE 2ND |
Jersey Shore D-Bags batting - Pitching for Austin River Sharks : RHP Jim Hendon
|
Batting: RHB Cy Keynes
|
0-0: Foul Ball, location: 2F 0-1: Ball 1-1: Ball 2-1: SOLO HOME RUN (Flyball, 7D), Distance : 379 ft
|
Batting: RHB Owen Carter
|
0-0: Ball 1-0: Fly out, F9 (Line Drive, 9S)
|
Batting: RHB Ricardo González
|
0-0: Called Strike 0-1: Foul Ball, location: 2F 0-2: Ball 1-2: Ball 2-2: Ball 3-2: DOUBLE (Line Drive, 7D)
|
Batting: RHB Millard Boyd
|
0-0: Foul Ball, location: 2F 0-1: Foul Ball, location: 2F 0-2: Ball 1-2: Foul Ball, location: 2F 1-2: DOUBLE (Line Drive, 78D) Ricardo González scores
|
Batting: LHB Dave Dodd
|
0-0: Called Strike 0-1: Called Strike 0-2: Ball 1-2: Strikes out swinging
|
Batting: LHB Pat Zimmerman
|
0-0: Called Strike 0-1: Ball 1-1: Called Strike 1-2: 2-RUN HOME RUN (Flyball, 8RXD), Distance : 430 ft
|
Batting: RHB Matt Doyle
|
0-0: Foul Ball, location: 2F 0-1: Ground out 1-3 (Groundball, 34S)
|
Bottom of the 2nd over - 4 run(s), 4 hit(s), 0 error(s), 0 left on base; Austin 1 - Jersey Shore 8 |
TOP OF THE 3RD |
Austin River Sharks batting - Pitching for Jersey Shore D-Bags : LHP Ramón Ruíz
|
Batting: SHB John Miller
|
0-0: Ball 1-0: Ball 2-0: Swinging Strike 2-1: Foul Ball, location: 2F 2-2: Strikes out swinging
|
Batting: RHB Tyler Wagner
|
0-0: Called Strike 0-1: Called Strike 0-2: Ball 1-2: Strikes out looking
|
Batting: RHB Carlos Pérez
|
0-0: Ball 1-0: Ball 2-0: Fly out, F3 (Line Drive, 3S)
|
Top of the 3rd over - 0 run(s), 0 hit(s), 0 error(s), 0 left on base; Austin 1 - Jersey Shore 8 |
BOTTOM OF THE 3RD |
Jersey Shore D-Bags batting - Pitching for Austin River Sharks : RHP Jim Hendon
|
Batting: RHB Miguel Serna
|
0-0: Ball 1-0: Fly out, F7 (Flyball, 7LD)
|
Batting: LHB Robert Phillips
|
0-0: Called Strike 0-1: Swinging Strike 0-2: Ball 1-2: Foul Ball, location: 2F 1-2: Ball 2-2: Ball 3-2: Strikes out swinging
|
Batting: RHB Cy Keynes
|
0-0: Called Strike 0-1: Ball 1-1: DOUBLE (Line Drive, 9LS)
|
Batting: RHB Owen Carter
|
0-0: Swinging Strike 0-1: Ball 1-1: Foul Ball, location: 2F 1-2: Ball 2-2: Ball 3-2: Foul Ball, location: 2F 3-2: Ground out 5-3 (Groundball, 56)
|
Bottom of the 3rd over - 0 run(s), 1 hit(s), 0 error(s), 1 left on base; Austin 1 - Jersey Shore 8 |
TOP OF THE 4TH |
Austin River Sharks batting - Pitching for Jersey Shore D-Bags : LHP Ramón Ruíz
|
Batting: SHB Juan Castro
|
0-0: Called Strike 0-1: Ball 1-1: Swinging Strike 1-2: Ball 2-2: Foul Ball, location: 2F 2-2: Ball 3-2: Foul Ball, location: 2F 3-2: Base on Balls
|
Batting: LHB Miguel Colón
|
0-0: Grounds out, U3 (Groundball, 3L)
|
Batting: RHB Carlos Guzmán
|
0-0: Called Strike 0-1: Ball 1-1: Called Strike 1-2: Foul Ball, location: 2F 1-2: Fly out, F8 (Flyball, 8LD) Runner from 2nd tags up, SAFE at 3rd, no throw
|
Batting: RHB Orlando Bruno
|
0-0: Swinging Strike 0-1: Ball 1-1: Ball 2-1: Called Strike 2-2: Ball 3-2: Foul Ball, location: 2F 3-2: Strikes out swinging
|
Top of the 4th over - 0 run(s), 0 hit(s), 0 error(s), 1 left on base; Austin 1 - Jersey Shore 8 |
BOTTOM OF THE 4TH |
Jersey Shore D-Bags batting - Pitching for Austin River Sharks : RHP Jim Hendon
|
Pitching: RHP Tatsuzo Harada
|
|
Batting: RHB Ricardo González
|
0-0: Ball 1-0: Ball 2-0: Ball 3-0: Base on Balls
|
Batting: RHB Millard Boyd
|
0-0: Called Strike 0-1: Foul Ball, location: 2F 0-2: Foul Ball, location: 2F 0-2: Ball 1-2: Foul Ball, location: 2F 1-2: Ball 2-2: Grounds into double play, 5-4-3 (Groundball, 5)
|
Batting: LHB Dave Dodd
|
0-0: Ball 1-0: Swinging Strike 1-1: SINGLE (Line Drive, 8LS)
|
Batting: LHB Pat Zimmerman
|
0-0: Called Strike 0-1: Swinging Strike 0-2: Ground out 4-3 (Groundball, 4)
|
Bottom of the 4th over - 0 run(s), 1 hit(s), 0 error(s), 1 left on base; Austin 1 - Jersey Shore 8 |
TOP OF THE 5TH |
Austin River Sharks batting - Pitching for Jersey Shore D-Bags : LHP Ramón Ruíz
|
Batting: RHB Cristián Peña
|
0-0: Ball 1-0: SOLO HOME RUN (Flyball, 7D), Distance : 359 ft
|
Batting: LHB Bruno Lalonde
|
0-0: Swinging Strike 0-1: Called Strike 0-2: Strikes out looking
|
Batting: SHB John Miller
|
0-0: Ball 1-0: Ball 2-0: Called Strike 2-1: Ground out 6-3 (Groundball, 6)
|
Batting: RHB Tyler Wagner
|
0-0: Called Strike 0-1: Ball 1-1: Ball 2-1: Called Strike 2-2: Ball 3-2: Base on Balls
|
Batting: RHB Carlos Pérez
|
0-0: Swinging Strike 0-1: Called Strike Tyler Wagner steals 2nd base 0-2: Strikes out swinging
|
Top of the 5th over - 1 run(s), 1 hit(s), 0 error(s), 1 left on base; Austin 2 - Jersey Shore 8 |
BOTTOM OF THE 5TH |
Jersey Shore D-Bags batting - Pitching for Austin River Sharks : RHP Tatsuzo Harada
|
Batting: RHB Matt Doyle
|
0-0: Ball 1-0: Ball 2-0: Called Strike 2-1: Ball 3-1: Base on Balls
|
Batting: RHB Miguel Serna
|
0-0: Swinging Strike 0-1: Swinging Strike 0-2: Foul Ball, location: 2F 0-2: Foul Ball, location: 2F 0-2: Strikes out swinging
|
Batting: LHB Robert Phillips
|
0-0: Ball 1-0: Ball 2-0: Ball Balk! Matt Doyle to second 3-0: Base on Balls
|
Batting: RHB Cy Keynes
|
0-0: Ball 1-0: Fly out, F8 (Flyball, 8RXD) Runner from 2nd tags up, SAFE at 3rd, no throw
|
Batting: RHB Owen Carter
|
0-0: Ball 1-0: Ball 2-0: Ball 3-0: Base on Balls Robert Phillips to second
|
Batting: RHB Ricardo González
|
0-0: Foul Ball, location: 2F 0-1: Foul Ball, location: 2F 0-2: Ball 1-2: Foul Ball, location: 2F 1-2: Strikes out swinging
|
Bottom of the 5th over - 0 run(s), 0 hit(s), 0 error(s), 3 left on base; Austin 2 - Jersey Shore 8 |
TOP OF THE 6TH |
Austin River Sharks batting - Pitching for Jersey Shore D-Bags : LHP Ramón Ruíz
|
Pitching: RHP John Hall
|
|
Batting: SHB Juan Castro
|
0-0: Foul Ball, location: 2F 0-1: Ground out 6-3 (Groundball, 6M)
|
Batting: LHB Miguel Colón
|
0-0: Ball 1-0: Ball 2-0: Swinging Strike 2-1: Ground out 5-3 (Groundball, 56)
|
Batting: RHB Carlos Guzmán
|
0-0: Ball 1-0: Foul Ball, location: 2F 1-1: Called Strike 1-2: Ball 2-2: Ball 3-2: Foul Ball, location: 2F 3-2: Strikes out swinging
|
Top of the 6th over - 0 run(s), 0 hit(s), 0 error(s), 0 left on base; Austin 2 - Jersey Shore 8 |
BOTTOM OF THE 6TH |
Jersey Shore D-Bags batting - Pitching for Austin River Sharks : RHP Tatsuzo Harada
|
Batting: RHB Millard Boyd
|
0-0: Called Strike 0-1: Ball 1-1: Swinging Strike 1-2: Ball 2-2: Ball 3-2: DOUBLE (Flyball, 8RXD)
|
Batting: LHB Dave Dodd
|
0-0: Ball 1-0: Swinging Strike 1-1: Ground out 3-1 (Groundball, 34) Millard Boyd to third
|
Pitching: RHP Juan González
|
|
Batting: LHB Pat Zimmerman
|
0-0: Called Strike 0-1: Fly out, F2 (Popup, 2RF)
|
Batting: RHB Matt Doyle
|
0-0: Called Strike 0-1: Ball 1-1: Swinging Strike 1-2: SINGLE (Line Drive, 6M) Millard Boyd scores
|
Batting: RHB Miguel Serna
|
0-0: Ball 1-0: SINGLE (Groundball, 34D) Matt Doyle to second Runner from 2nd tries for 3rd, SAFE, throw made to third
|
Batting: LHB Robert Phillips
|
0-0: Ball 1-0: Called Strike 1-1: Called Strike 1-2: Ball 2-2: Foul Ball, location: 2F 2-2: DOUBLE (Line Drive, 3D) Matt Doyle scores Miguel Serna to third Runner from 3rd tries for Home, SAFE, no throw or cutoff
|
Batting: RHB Cy Keynes
|
0-0: Ball 1-0: Foul Ball, location: 2F 1-1: Foul Ball, location: 2F 1-2: Foul Ball, location: 2F 1-2: Foul Ball, location: 2F 1-2: Ball 2-2: Fly out, F8 (Line Drive, 8LM)
|
Bottom of the 6th over - 3 run(s), 4 hit(s), 0 error(s), 1 left on base; Austin 2 - Jersey Shore 11 |
TOP OF THE 7TH |
Austin River Sharks batting - Pitching for Jersey Shore D-Bags : RHP John Hall
|
Now in RF: Lawrence Yates
|
|
Batting: RHB Orlando Bruno
|
0-0: Ball 1-0: Foul Ball, location: 2F 1-1: Ground out 5-3 (Groundball, 56)
|
Batting: RHB Cristián Peña
|
0-0: Fly out, F6 (Popup, 56D)
|
Batting: LHB Bruno Lalonde
|
0-0: Ball 1-0: Called Strike 1-1: Fly out, F7 (Flyball, 7M)
|
Top of the 7th over - 0 run(s), 0 hit(s), 0 error(s), 0 left on base; Austin 2 - Jersey Shore 11 |
BOTTOM OF THE 7TH |
Jersey Shore D-Bags batting - Pitching for Austin River Sharks : RHP Juan González
|
Batting: RHB Owen Carter
|
0-0: Ball 1-0: DOUBLE (Flyball, 78D)
|
Batting: RHB Ricardo González
|
0-0: Ball 1-0: Sac Bunt - play at first, batter OUT! 1-3 Owen Carter to third
|
Batting: RHB Millard Boyd
|
0-0: Called Strike 0-1: 2-RUN HOME RUN (Flyball, 7D), Distance : 385 ft
|
Pitching: RHP Lorenzo Vargas
|
|
Batting: LHB Dave Dodd
|
0-0: Ball 1-0: Called Strike 1-1: Foul Ball, location: 2F 1-2: Strikes out looking
|
Batting: LHB Pat Zimmerman
|
0-0: Ball 1-0: Fly out, F8 (Line Drive, 8LM)
|
Bottom of the 7th over - 2 run(s), 2 hit(s), 0 error(s), 0 left on base; Austin 2 - Jersey Shore 13 |
TOP OF THE 8TH |
Austin River Sharks batting - Pitching for Jersey Shore D-Bags : RHP John Hall
|
Pitching: RHP Paco Gutiérrez
|
|
Batting: SHB John Miller
|
0-0: Ball 1-0: Called Strike 1-1: Ground out 5-3 (Groundball, 6S)
|
Batting: RHB Tyler Wagner
|
0-0: Called Strike 0-1: SINGLE (Groundball, 13S) (infield hit)
|
Batting: RHB Carlos Pérez
|
0-0: Called Strike 0-1: Called Strike 0-2: Strikes out swinging
|
Batting: SHB Juan Castro
|
0-0: Ball 1-0: Ball 2-0: Fly out, F7 (Flyball, 7S)
|
Top of the 8th over - 0 run(s), 1 hit(s), 0 error(s), 1 left on base; Austin 2 - Jersey Shore 13 |
BOTTOM OF THE 8TH |
Jersey Shore D-Bags batting - Pitching for Austin River Sharks : RHP Lorenzo Vargas
|
Batting: RHB Matt Doyle
|
0-0: Called Strike 0-1: Ball 1-1: Ball 2-1: Fly out, F3 (Popup, 34)
|
Batting: RHB Miguel Serna
|
0-0: Ball 1-0: Called Strike 1-1: Foul Ball, location: 2F 1-2: Ball 2-2: Strikes out swinging
|
Batting: RHB Lawrence Yates
|
0-0: Ball 1-0: Called Strike 1-1: Called Strike 1-2: Foul Ball, location: 2F 1-2: Foul Ball, location: 2F 1-2: Ball 2-2: Ball 3-2: Strikes out looking
|
Bottom of the 8th over - 0 run(s), 0 hit(s), 0 error(s), 0 left on base; Austin 2 - Jersey Shore 13 |
TOP OF THE 9TH |
Austin River Sharks batting - Pitching for Jersey Shore D-Bags : RHP Paco Gutiérrez
|
Batting: LHB Miguel Colón
|
0-0: Called Strike 0-1: Ball 1-1: Foul Ball, location: 2F 1-2: Strikes out swinging
|
Batting: RHB Carlos Guzmán
|
0-0: Ball 1-0: Foul Ball, location: 2F 1-1: Foul Ball, location: 2F 1-2: SINGLE (Groundball, 4D)
|
Batting: RHB Orlando Bruno
|
0-0: Called Strike 0-1: Fly out, F8 (Flyball, 8LXD)
|
Batting: RHB Cristián Peña
|
0-0: Ball 1-0: Swinging Strike 1-1: Ball 2-1: 2-RUN HOME RUN (Flyball, 7D), Distance : 381 ft
|
Batting: LHB Bruno Lalonde
|
0-0: Called Strike 0-1: Swinging Strike 0-2: Ball 1-2: Ball 2-2: Strikes out swinging
|
Top of the 9th over - 2 run(s), 2 hit(s), 0 error(s), 0 left on base; Austin 4 - Jersey Shore 13 |
|